 Dungeon Crawl Stone Soup version 0.30.1-11-g7821555f0a (webtiles) character file.

Game seed: 13945636435865005429

233 Okkudo the Chopper (level 6, -2/51 HPs)
             Began as a Hill Orc Monk on Dec 4, 2023.
             Slain by an orc
             ... wielding a +1 flail of venom
              (6 damage)
             ... on level 4 of the Dungeon.
             The game lasted 00:11:03 (2516 turns).

Okkudo the Chopper (Hill Orc Monk)                  Turns: 2516, Time: 00:11:04

Health: -2/51      AC: 15    Str: 16    XL:     6   Next: 5%
Magic:  6/6        EV:  5    Int: 16    God:
Gold:   98         SH:  0    Dex: 13    Spells: 5/5 levels left

rFire   + . .        a - +0 hand axe
rCold   x . .        d - orb {light}
rNeg    . . .        h - +2 plate armour
rPois   .            t - +0 helmet
rElec   .            (no cloak)
rCorr   .            v - +0 pair of gloves
SInv    .            (no boots)
Will    .....        (no amulet) Stlth
                     i - +6 ring of intelligence
HPRegen 0.28/turn    n - ring of fire
MPRegen 0.10/turn

%: no passive effects
@: lethally poisoned (-2 -> -29), glowing
A: no striking features
a: no special abilities


You were on level 4 of the Dungeon.
You visited 1 branch of the dungeon, and saw 4 of its levels.

You collected 98 gold pieces.

Inventory:

Hand Weapons
 a - a +0 hand axe (weapon)
Missiles
 u - 6 poisoned darts (quivered)
Armour
 d - an orb of light (worn)
 h - a +2 plate armour (worn)
 t - a +0 helmet (worn)
 v - a +0 pair of gloves (worn)
Jewellery
 i - a +6 ring of intelligence (left hand)
 n - a ring of fire (right hand)
Scrolls
 e - 3 scrolls of noise
 m - a scroll of summoning
 o - a scroll of teleportation {unknown}
 p - a scroll of fog
 r - a scroll of amnesia
 x - 2 scrolls of magic mapping
 y - 2 scrolls of silence
Potions
 b - a potion of magic {unknown}
 c - a potion of ambrosia
 f - 2 potions of degeneration {unknown}
 g - 2 potions of attraction {unknown}
 j - a potion of heal wounds {unknown}
 l - a potion of might {unknown}
 q - a potion of invisibility {unknown}
 s - a potion of haste {unknown}
 w - 2 potions of cancellation {unknown}
 z - 4 potions of curing {unknown}
 A - a potion of berserk rage {unknown}


   Skills:
 - Level 3.6 Fighting
 * Level 7.8 Axes
 + Level 2.8 Armour
 - Level 2.4 Dodging


You had 5 spell levels left.
You didn't know any spells.
Your spell library contained the following spells:

 Spells                   Type           Power      Damage    Failure   Level
 Ensorcelled Hibernation  Hex/Ice        0%         N/A       100%        2
 Passwall                 Tmut/Erth      0%         N/A       100%        2
 Swiftness                Air            0%         N/A       100%        3


Dungeon Overview and Level Annotations

Branches:
Dungeon (4/15)
 Temple: D:4-7

Altars:
Elyvilon

Shops:
D:1 !   D:2 :


Message History

An orc comes into view. It is wielding a +1 flail of venom.
The orc shouts! x2
The orc throws a poisoned dart.
The poisoned dart hits you!
You are poisoned.
Things that are here:
a +0 hand axe; an orc corpse You feel sick.
You hit the orc.
The orc is heavily wounded.
You feel sick.
The orc hits you with a +1 flail of venom.
The orc throws a poisoned dart.
The poisoned dart hits you!
You are more poisoned.
You hit the orc.
The orc is almost dead.
You feel very sick. The orc barely misses you.
A giant cockroach comes into view.
You barely miss the orc.
The orc is almost dead.
You hear the slow hiss of an avalanche of sand nearby.
You feel very sick. The orc hits you but does no damage.
You are lethally poisoned!
You barely miss the orc.
The orc is almost dead.
You hit the orc.
* * * LOW HITPOINT WARNING * * *
You feel very sick. The orc hits you but does no damage.
You are more poisoned.
The orc hits you but does no damage. The orc attacks as you move away!
The orc hits you with a +1 short sword of speed.
* * * LOW HITPOINT WARNING * * *
x2 You feel very sick.
The orc throws a poisoned dart.
The poisoned dart hits you!
You are more poisoned.
The orc hits you with a +1 flail of venom.
You die...

#.#.##.# #.#....# .#
#.)##.. .. ...
##†##.# ... #..
#.##.# ....
##..###)##.#####..#.
#.......##...>.(....
..###...##o....B....
#.#.†@.o........
#...##).<..####
##.........#
##......#....
...##.#.#.#....
#.......... . ...
###.#.#.##.... ..
##..... ....# # ##
... ..#.#


You could see 2 orcs and a giant cockroach.

Vanquished Creatures
  The ghost of rozman the Ruffian, a weakling MiTm (D:3)
  8 adders
  4 gnolls (D:3)
  2 worms
  2 dart slugs (D:2)
  5 orcs (D:4)
  6 bats
  4 endoplasms
  3 giant cockroaches
  7 goblins
  8 hobgoblins
  7 kobolds
  2 quokkas
  4 ball pythons
  3 frilled lizards
  6 rats
72 creatures vanquished.

Notes
Turn   | Place    | Note
-------+----------+-------------------------------------------
     0 | D:1      | Okkudo the Hill Orc Monk began the quest for the Orb.
     0 | D:1      | Reached XP level 1. HP: 19/19 MP: 1/1
    97 | D:1      | Found Cioloz's Distillery.
   166 | D:1      | Reached XP level 2. HP: 26/26 MP: 2/2
   309 | D:1      | Reached skill level 5 in Axes
   561 | D:2      | Reached XP level 3. HP: 31/31 MP: 3/3
   608 | D:2      | Found Jeulaebu's Book Boutique.
   762 | D:2      | Reached skill level 6 in Axes
   839 | D:2      | Reached skill level 1 in Armour
   839 | D:2      | Reached XP level 4. HP: 39/39 MP: 4/4
   958 | D:2      | Found a white marble altar of Elyvilon.
  1466 | D:3      | Reached XP level 5. HP: 45/45 MP: 5/5
  1496 | D:3      | Found a faded altar of an unknown god.
  1501 | D:3      | Found a transporter.
  1504 | D:3      | Noticed rozman's ghost (weakling MiTm)
  1513 | D:3      | Found a transporter.
  1626 | D:3      | Reached skill level 7 in Axes
  2300 | D:3      | Killed rozman's ghost
  2486 | D:4      | Reached XP level 6. HP: 30/51 MP: 6/6
  2516 | D:4      | Slain by an orc

Illustrated notes

Levels and vault maps discovered:
D:1:      minmay_arrival_widening_spiral_wide, layout_rooms, serial_shops,
          nicolae_shop_industrial_runoff, grunt_decor_one_mirror
D:2:      minmay_general_purpose_star, layout_basic, serial_shops,
          nicolae_shop_crystal, basic_altar, minmay_increasing_density
D:3:      layout_basic, chequers_ecumenical_altar_simple_redux,
          gammafunk_ghost_arena, nicolae_grassy_gnolls
D:4:      layout_rooms, kennysheep_orc_sif_temple, minitemple,
          minmay_temple_entry_trees, lightli_ossuary_entry_decrepit_ruins

Skill      XL: |  1  2  3  4  5 |
---------------+----------------+-----
Axes           | 5 6 7 |  7.8
Armour         | 1 2 |  2.8
Fighting       | |  3.6
Dodging        | |  2.4

Action                     |  1- 3 |  4- 6 || total
---------------------------+-------+-------++-------
  Melee: Hand axe          |    88 |   145 ||   233
  Throw: Dart              |       |     1 ||     1
    Use: Scroll            |       |     9 ||     9
 Armour: Plate armour      |    89 |   109 ||   198
         Robe              |     1 |       ||     1
  Dodge: Dodged            |    22 |    38 ||    60
